 Dungeon Crawl Stone Soup version 0.20-a0-940-g1ecfa5a (webtiles) character file.

182 JeffiDaFish the Ducker (level 5, -1/54 HPs)
             Began as a Troll Monk on Mar 31, 2017.
             Slain by a gnoll (4 damage)
             ... on level 3 of the Dungeon.
             The game lasted 00:06:02 (1631 turns).

JeffiDaFish the Ducker (Troll Monk)                 Turns: 1631, Time: 00:06:03

Health: -1/54      AC:  5    Str: 19    XL:     5   Next: 34%
Magic:  4/4        EV: 12    Int:  6    God:
Gold:   135        SH:  0    Dex: 13    Spells: 4/4 levels left

rFire    . . .     SeeInvis .   g - +0 halberd (curse)
rCold    . . .     Gourm    +   (shield currently unavailable)
rNeg     . . .     Faith    .   a - +0 robe
rPois    .         Spirit   .   (helmet restricted)
rElec    .         Reflect  .   (no cloak)
rCorr    .         Harm     .   (gloves unavailable)
MR       .....                  (boots unavailable)
Stlth    ++........             (no amulet)
Regen    0.6/turn               (no ring)
MPRegen  0.1/turn               (no ring)

@: no status effects
A: unfitting armour, claws 3, fast metabolism 3, gourmand, regeneration 1,
shaggy fur 1, tough skin 2
a: no special abilities


You were on level 3 of the Dungeon.
You were completely stuffed.

You visited 1 branch of the dungeon, and saw 3 of its levels.

You collected 135 gold pieces.

Inventory:

Hand Weapons
 g - a cursed +0 halberd (weapon)
 h - a +3 trident
Armour
 a - a +0 robe (worn)
Scrolls
 k - a scroll of identify
Potions
 e - 2 potions of flight
 i - a potion of might
Comestibles
 b - 3 bread rations
 c - a meat ration
 d - 2 royal jellies
 f - a chunk of flesh


   Skills:
 + Level 3.9 Fighting
 + Level 1.7 Polearms
 * Level 4.3 Dodging
 - Level 2.4 Stealth


You had 4 spell levels left.
You didn't know any spells.

Dungeon Overview and Level Annotations

Branches:
Dungeon (3/15)

Altars:
Sif Muna


Innate Abilities, Weirdness & Mutations

You are too large for most types of armour.
You have claws for hands.
Your metabolism is lightning-fast.
You like to eat raw meat.
Your natural rate of healing is unusually fast.
You are covered in fur. (AC +1)
You have very tough skin. (AC +2)


Message History

Aim: a gnoll (heavily wounded)
You hit the gnoll.
The gnoll is almost dead.
The gnoll hits you from afar with a spear.
* * * LOW HITPOINT WARNING * * *
The gnoll barely misses you. x2; The gnoll hits you but does no damage.
Attack whom?
Press: ? - help, Dir - move target cursor, f/p - gnoll
Aim: a gnoll (almost dead)
You barely miss the gnoll.
The gnoll is almost dead.
The gnoll closely misses you. The gnoll hits you.
* * * LOW HITPOINT WARNING * * *
Attack whom?
Press: ? - help, Dir - move target cursor, f/p - gnoll
Aim: a gnoll (almost dead)
You barely miss the gnoll.
The gnoll is almost dead.
The gnoll barely misses you. The gnoll hits you.
You die...

...)...###..##
#...#$........###....
...................##
#...#.............<..
##...#...# #.......##
####........####.......##
.......##..............##
#..g##.........#......
####...g@(...###..#...###
###...#..##.........#.#.#
#
.........##....###..#.#.#
###...#.###....# #..#.#.#
#...#.# #......#..#.#..
.... .........###..#.#.#
###.###.###.#... #....#
.. ... ..#.........# ..
#.#####............


You could see 2 gnolls.

Vanquished Creatures
  Ijyb (D:3)
  Robin (D:2)
  4 adders
  4 gnolls
  A worm (D:2)
  3 dart slugs (D:1)
  2 leopard geckos (D:1)
  A giant cockroach (D:3)
  15 goblins
  10 hobgoblins
  8 bats
  A frilled lizard (D:1)
  3 kobolds
  6 rats
60 creatures vanquished.

Vanquished Creatures (others)
  An orc (D:3)
1 creature vanquished.

Grand Total: 61 creatures vanquished

Notes
Turn   | Place    | Note
-------+----------+-------------------------------------------
     0 | D:1      | JeffiDaFish the Troll Monk began the quest for the Orb.
     0 | D:1      | Reached XP level 1. HP: 23/23 MP: 0/0
    43 | D:1      | Reached XP level 2. HP: 7/31 MP: 1/1
   456 | D:1      | Reached XP level 3. HP: 39/39 MP: 2/2
   808 | D:1      | Reached skill level 1 in Polearms
   879 | D:2      | Noticed Robin
   909 | D:1      | Reached XP level 4. HP: 18/48 MP: 3/3
  1017 | D:2      | Killed Robin
  1247 | D:2      | Found a deep blue altar of Sif Muna.
  1502 | D:3      | Reached skill level 4 in Dodging
  1589 | D:3      | Noticed Ijyb
  1607 | D:3      | Reached XP level 5. HP: 49/54 MP: 4/4
  1626 | D:3      | Killed Ijyb
  1631 | D:3      | Slain by a gnoll

Vault maps used:
D:1:      scummos_arrival_gate
D:2:      overflow_temple_1_default, uniq_robin
D:3:      okawaru_altar_gauntlet_db, uniq_grinder, uniq_iyjb

Skill      XL: |  1  2  3  4 |
---------------+-------------+-----
Polearms       | 1 |  1.7
Dodging        | 4 |  4.3
Fighting       | |  3.9
Stealth        | |  2.4

Action                   |  1- 3 |  4- 6 || total
-------------------------+-------+-------++-------
Melee: Unarmed           |    12 |       ||    12
       Spear             |    48 |       ||    48
       Whip              |     8 |       ||     8
       Halberd           |    44 |   117 ||   161
  Use: Scroll            |     3 |     1 ||     4
       Potion            |     3 |     4 ||     7
 Stab: Sleeping          |     2 |     5 ||     7
       Distracted        |     1 |       ||     1
  Eat: Chunk             |    14 |     7 ||    21
Armor: Robe              |    61 |    49 ||   110
Dodge: Dodged            |    98 |   112 ||   210
